 Dungeon Crawl Stone Soup version 0.28.0-53-g5a82cb258f (console) character file.

Game seed: 4495278644895972381

50 erker the Sneak (level 3, 0/21 HPs)
             Began as an Octopode Earth Elementalist on July 10, 2022.
             Slain by a giant cockroach (1 damage)
             ... on level 3 of the Dungeon.
             The game lasted 00:03:45 (1946 turns).

erker the Sneak (Octopode Earth Elementalist)       Turns: 1946, Time: 00:03:45

Health: 0/21       AC:  1    Str:  7    XL:     3   Next: 79%
Magic:  6/6        EV: 10    Int: 19    God:
Gold:   147        SH:  0    Dex: 12    Spells: 3/6 levels left

rFire   . . .      SeeInvis .   b - +4 short sword
rCold   . . .      Faith    .   (no shield)
rNeg    . . .      Spirit   .   (helmet restricted)
rPois   .          Reflect  .   (no amulet)
rElec   .          Harm     .   (no ring)
rCorr   .          Rampage  .   (no ring)
Will    .....                   (no ring)
Stlth   +++.......              (no ring)
HPRegen 0.07/turn               (no ring)
MPRegen 0.10/turn               (no ring)
                                (no ring)
                                (no ring)

@: constricted
A: almost no armour, amphibious, 8 rings, camouflage 1, gelatinous body 1,
(nimble swimmer 1), tentacles
a: no special abilities


You were on level 3 of the Dungeon.
You visited 1 branch of the dungeon, and saw 3 of its levels.

You collected 147 gold pieces.

Inventory:

Hand Weapons
 a - a +0 dagger
 b - a +4 short sword (weapon)
Missiles
 d - 16 sling bullets
 f - 4 javelins (quivered)
 h - 4 boomerangs
 m - 62 stones
 n - 6 poisoned darts
Scrolls
 c - a scroll of teleportation {unknown}
 e - a scroll of immolation {unknown}
 g - a scroll of noise {unknown}
 j - a scroll of enchant weapon {unknown}
 k - a scroll of vulnerability {unknown}
 l - 3 scrolls of identify {unknown}
Potions
 i - a potion of attraction {unknown}
 o - a potion of degeneration {unknown}


   Skills:
 - Level 2.0 Short Blades
 - Level 2.0 Dodging
 - Level 4.0 Stealth
 - Level 2.0 Spellcasting
 - Level 1.0 Transmutations
 + Level 3.4 Earth Magic


You had 3 spell levels left.
You knew the following spells:

 Your Spells              Type           Power      Damage    Failure   Level
a - Sandblast             Erth           28%        2d8       4%          1
w - Passwall              Tmut/Erth      8%         N/A       11%         2

Your spell library contained the following spells:

 Spells                   Type           Power      Damage    Failure   Level
 Stone Arrow              Conj/Erth      16%        3d8       26%         3
 Petrify                  Tmut/Erth      10%        N/A       56%         4


Dungeon Overview and Level Annotations

Branches:
Dungeon (3/15)

Altars:

Annotations:
D:3 exclusion: ogre


Innate Abilities, Weirdness & Mutations

You cannot wear most types of armour.
You are amphibious.
You can wear up to eight rings at the same time.
Your skin changes colour to match your surroundings (Stealth+).
Your rubbery body absorbs attacks. (AC +1, EV +1)
((You are camouflaged when in or above water. (Stealth+)))
You have tentacles for arms and can constrict up to eight enemies at once.


Message History

You squeeze the hobgoblin, but do no damage.
The hobgoblin is severely wounded.
You constrict the hobgoblin, but do no damage.
The giant cockroach bites you. The hobgoblin barely misses you.
You hit the hobgoblin.
You kill the hobgoblin!
The giant cockroach bites you.
You hit the ball python. You grab the ball python.
The ball python is moderately wounded.
You constrict the ball python. The ball python bites you.
The ball python grabs you. The ball python constricts you.
The giant cockroach bites you.
You are too injured to fight recklessly!
You are too injured to fight recklessly!
You escape the ball python's grasp.
You release your grip on the ball python.
The giant cockroach barely misses you.
You closely miss the frilled lizard. You grab the frilled lizard.
Your squeeze misses the frilled lizard.
You constrict the frilled lizard, but do no damage.
The giant cockroach closely misses you. The ball python closely misses you.
The ball python grabs you. The ball python constricts you.
* * * LOW HITPOINT WARNING * * *
The giant cockroach barely misses you. The frilled lizard barely misses you.
You hit the frilled lizard.
You kill the frilled lizard!
The ball python closely misses you. The ball python constricts you.
* * * LOW HITPOINT WARNING * * *
The giant cockroach bites you.
* * * LOW HITPOINT WARNING * * *
The ball python bites you but does no damage.
The ball python constricts you.
The ball python's grasp on you weakens, but your attempt to escape fails.
The giant cockroach barely misses you. The ball python bites you.
* * * LOW HITPOINT WARNING * * *
The ball python constricts you.
* * * LOW HITPOINT WARNING * * *
The ball python's grasp on you weakens, but your attempt to escape fails.
The giant cockroach bites you.
You die...

# ### #.# #. #.#.# ####
... .... ...... ...# #
#.# #.#.# ###.#.# ##.#
####.......... #.#.# # #
.. |#.#.#.#.# #.#.# ##
.# >....... #.#.#
##.#######.#####.#.#.#.#
...........##.#.SB......
##........##...#@#.#.#.#
#.........?......#
#######.###....#######.#
........# #...........
#######.###.#.########
#......)# #########


You could see a giant cockroach and a ball python.

Vanquished Creatures
  An adder (D:2)
  2 worms (D:2)
  A dart slug (D:1)
  An orc (D:3)
  An endoplasm (D:1)
  2 goblins
  6 hobgoblins
  2 jackals (D:2)
  A kobold (D:1)
  2 quokkas
  2 ball pythons
  5 bats
  4 frilled lizards
  A rat (D:1)
31 creatures vanquished.

Vanquished Creatures (others)
  2 fungi (D:2)
  3 plants (D:2)
5 creatures vanquished.

Grand Total: 36 creatures vanquished

Notes
Turn   | Place    | Note
-------+----------+-------------------------------------------
     0 | D:1      | erker the Octopode Earth Elementalist began the quest for
                  | the Orb.
     0 | D:1      | Reached XP level 1. HP: 11/11 MP: 3/3
   108 | D:1      | Reached skill level 3 in Stealth
   253 | D:1      | Reached XP level 2. HP: 17/17 MP: 5/5
   257 | D:1      | Learned a level 2 spell: Passwall
   439 | D:1      | Reached skill level 1 in Short Blades
   758 | D:2      | Reached skill level 4 in Stealth
   820 | D:2      | Reached XP level 3. HP: 21/21 MP: 3/6
  1028 | D:2      | Found a faded altar of an unknown god.
  1856 | D:3      | Noticed an ogre
  1945 | D:3      | HP: 1/21 [constriction (1)]
  1946 | D:3      | Slain by a giant cockroach

Illustrated notes

Levels and vault maps discovered:
D:1:      giann_forest_graveyard, layout_basic
D:2:      layout_loops_cross, shapermc_ecumenical_altar_mp_urbaneastern
D:3:      layout_loops_ring, chequers_temple_overflow_statue_of_worship,
          chequers_jeans, st_stairs_10, chequers_garden

Skill      XL: |  1  2  3 |
---------------+----------+-----
Stealth        | 3 4 |  4.0
Short Blades   | 1 2 |  2.0
Dodging        | |  2.0
Spellcasting   | |  2.0
Transmutations | |  1.0
Earth Magic    | |  3.4

Action                   || total
-------------------------++-------
Melee: Short sword       ||    28
       Constrict         ||     8
       Dagger            ||    15
       Tentacles         ||     6
 Cast: Sandblast         ||    15
       Passwall          ||     2
 Stab: Sleeping          ||    13
Armor: Skin              ||     2
Dodge: Dodged            ||    22
